[Event "*** Titled Tuesday Blitz"]
[Site "Chess.com"]
[Date "2021.03.09"]
[Round "9"]
[White "night_player"]
[Black "suyu28"]
[Result "0-1"]
[WhiteElo "2168"]
[BlackElo "2581"]
[TimeControl "180+1"]
[EndTime "11:49:19 PST"]
[Termination "suyu28 won by checkmate"]

1. e4 e5 2. Nf3 Nc6 3. Bb5 Nf6 4. Bxc6 dxc6 5. d3 Bg4 6. O-O Bd6 7. Be3 O-O 8. Nbd2 Re8 9. c3 Qd7 10. d4 exd4 11. Bxd4 Nxe4 12. Qb3 b6 13. Rfe1 Nc5 14. Qc2 Bh5 15. Ne5 Bxe5 16. Rxe5 Bg6 17. Qd1 Qd6 18. Rxe8+ Rxe8 19. Nf3 Nd3 20. Qd2 c5 21. Be3 c4 22. h3 Be4 23. Nd4 c5 24. Ne2 Qc6 25.
f3 Bxf3 26. Nf4 Be4 27. Rf1 h6 28. Re1 Rd8 29. Qe2 f5 30. Nh5 Qg6 31. Nf4 Qf7 32. Rf1 g5 33. Nxd3 Bxd3 34. Qd2 Qe6 35. Re1 Re8 36. Qf2 Qg6 37. Bd2 Re4 38. Rxe4 fxe4 39. Be3 Qf7 40. Qe1 Qe6 41. Qf2 Qf7 42. Qe1 Qf5 43.
Qf2 Qe6 44. Qe1 Kg7 45. Qf2 Kg6 46. g3 Qe7 47. Kg2 Qe6 48. Qe1 Qf5 49. Qf2 Qe6 50. Qe1 Bc2 51. Qf2 Bb1 52. a3 Ba2 53. Qe1 Bb3 54. Qf2 Bd1 55. Qe1 Bf3+ 56. Kh2 h5 57. Qd2 h4 58. Bxg5 hxg3+ 59. Kxg3 Qe5+ 60. Bf4 Qg7 61. Kh2 Kf5 62. Bg3 Qe7 63. Qf4+ Kg6 64. Qe3 Qe6 65.
Qf4 Qd7 66. Qe3 Qd1 67. Qf2 Qh1# 0-1

[Event "*** Titled Tuesday Blitz"]
[Site "Chess.com"]
[Date "2021.03.09"]
[Round "9"]
[White "Gerodot71"]
[Black "Bigfish1995"]
[Result "0-1"]
[WhiteElo "2583"]
[BlackElo "3062"]
[TimeControl "180+1"]
[EndTime "11:49:24 PST"]
[Termination "Bigfish1995 won on time"]

1. d4 e6 2. c4 f5 3. Nf3 Nf6 4. g3 c6 5. Bg2 Be7 6. O-O O-O 7.
Nc3 d5 8. b3 Ne4 9. Bb2 Bd7 10.
e3 Be8 11. Ne2 Nd7 12. Nf4 Bf7 13. Nd3 Qe8 14. Qc2 Bh5 15. Nf4 Bd6 16. Nd2 Bf7 17.
Rae1 Nxd2 18. Qxd2 dxc4 19. bxc4 e5 20. dxe5 Bxe5 21. Rc1 Rd8 22. Qb4 Bxb2 23. Qxb2 Nc5 24. Rfd1 Qe7 25. Qa3 Rxd1+ 26. Rxd1 g5 27. Nd3 Rd8 28.
Bf3 b6 29. Nxc5 Rxd1+ 30. Bxd1 g4 31. e4 bxc5 32. Qd3 Qxe4 33. Qxe4 fxe4 34. Be2 Be6 35. Kf1 Kg7 36. Ke1 Kf6 37. Kd2 Ke5 38.
Ke3 h5 39. Bf1 Bf5 40. Be2 Bg6 41. a3 Bf7 42. Bf1 Be6 43. Be2 Kf5 44. Bf1 Bf7 45. Be2 Bg6 46. Bf1 Ke5 47. Be2 Kd6 48. Kf4 Ke6 49.
Bf1 Kf6 50. Be2 a5 51. Bf1 Ke6 52. Be2 Kf6 53. Bf1 Bf5 54. Be2 e3 55. fxe3 Bb1 56.
e4 Bc2 57. e5+ Ke6 58. Bf1 Bb1 59. Be2 Bc2 60. Bf1 Bd1 61. Bg2 Be2 62. Be4 Bxc4 63. Bxc6 Be2 0-1

[Event "*** Titled Tuesday Blitz"]
[Site "Chess.com"]
[Date "2021.03.09"]
[Round "9"]
[White "Zmeeed63"]
[Black "ViktoriyaTarasova"]
[Result "1/2-1/2"]
[WhiteElo "2455"]
[BlackElo "2335"]
[TimeControl "180+1"]
[EndTime "11:49:24 PST"]
[Termination "Game drawn - insufficient material"]

1. d4 Nf6 2. c4 e6 3. Nc3 Bb4 4. f3 c6 5. e4 d5 6. e5 Nfd7 7.
f4 dxc4 8. Bxc4 Nb6 9. Be2 Nd5 10.
Bd2 O-O 11. Nf3 c5 12. a3 Ba5 13. dxc5 Nxc3 14. Bxc3 Bxc3+ 15. bxc3 Qa5 16. O-O Qxc5+ 17.
Qd4 Nd7 18. Kh1 b6 19. Qe4 Rb8 20. Ng5 g6 21. Qf3 Kg7 22. Qh3 h6 23. Ne4 Qe7 24. Nd6 Bb7 25. Nxb7 Rxb7 26. Rfd1 Rc7 27. Rd6 Rfc8 28.
c4 Nc5 29. Qe3 Nb7 30. Rd4 Na5 31. Rad1 Nxc4 32. Bxc4 Rxc4 33. Rd7 Qc5 34. Qxc5 R4xc5 35. Rxa7 Rc1 36. Rg1 Rxg1+ 37. Kxg1 Rc1+ 38. Kf2 Rc2+ 39. Kf3 Rc3+ 40. Kg4 Rc2 41. Kh3 Rc3+ 42. g3 Rb3 43. Kg4 Rb2 44. h3 Rb3 45. a4 Rb4 46. Ra6 Rb3 47. h4 Rb4 48. Kf3 Rb3+ 49. Ke4 Rb4+ 50.
Kd3 Rb3+ 51. Kc4 Rxg3 52. Rxb6 Rf3 53. a5 Rxf4+ 54. Kc5 Rf1 55. Rb4 Ra1 56. Kb5 g5 57. hxg5 hxg5 58. a6 Kg6 59. Ra4 Rb1+ 60. Kc6 Rb8 61.
a7 Ra8 62. Kb7 Rxa7+ 63. Rxa7 Kf5 64. Kc6 Kxe5 65. Rxf7 g4 66. Kc5 Ke4 67. Kd6 g3 68.
Kxe6 g2 69. Rg7 Kf3 70. Ke5 Kf2 71. Rf7+ Ke3 72. Rg7 Kf2 73. Kf4 g1=Q 74. Rxg1 Kxg1 1/2-1/2

[Event "*** Titled Tuesday Blitz"]
[Site "Chess.com"]
[Date "2021.03.09"]
[Round "9"]
[White "WiktoriaPOL"]
[Black "Fortitudine"]
[Result "1/2-1/2"]
[WhiteElo "2083"]
[BlackElo "2299"]
[TimeControl "180+1"]
[EndTime "11:49:24 PST"]
[Termination "Game drawn by repetition"]

1. e4 c5 2. d4 cxd4 3. c3 d3 4. Bxd3 Nc6 5. Nf3 d6 6. c4 g6 7.
Nc3 Be6 8. O-O Bh6 9. Bxh6 Nxh6 10. Qd2 Ng4 11. Nd5 O-O 12. h3 Nge5 13. Nxe5 Nxe5 14. f4 Nxd3 15. Qxd3 Bxd5 16. exd5 Qb6+ 17. Kh1 Rac8 18. b3 Qc5 19. Rae1 Rc7 20. f5 b5 21. fxg6 hxg6 22. cxb5 Rb7 23. a4 Rc7 24. Kh2 Kg7 25. Re3 f6 26. Rg3 g5 27. Qf5 Qc2 28. Rxg5+ Kf7 29.
Qe6+ Ke8 30. Rg3 Qb2 31. Re3 Kd8 32. Qe4 Qe5+ 33. Qxe5 dxe5 34. Rxe5 Kd7 35. Rh5 Rc2 36. Rf3 Rg8 37. Rg3 Rgc8 38. Rh7 Kd6 39. Re3 R8c7 40.
Re6+ Kxd5 41. Rexe7 Rc8 42. Rd7+ Ke6 43. Rhe7+ Kf5 44.
Rxa7 Rb2 45. b6 Rcc2 46. Rg7 Rxb3 47. b7 Rcb2 48. Ra5+ Ke6 49. Rb5 Rxb5 50. axb5 Rxb5 51. h4 f5 52. Kh3 Kf6 53. Rh7 Rb3+ 54. g3 Kg6 55. Re7 f4 56. Kg4 fxg3 57. h5+ Kf6 58. Re3 Rxb7 59. Rxg3 Kg7 60. Kg5 Rb5+ 61. Kh4+ Kh6 62.
Rg6+ Kh7 63. Rc6 Rb4+ 64. Kg5 Rb5+ 65. Kg4 Rb4+ 66. Kg5 Rb5+ 67. Kg4 Rb4+ 68. Kg5 1/2-1/2

[Event "*** Titled Tuesday Blitz"]
[Site "Chess.com"]
[Date "2021.03.09"]
[Round "9"]
[White "erdni1993"]
[Black "PavelShkapenko"]
[Result "0-1"]
[WhiteElo "2533"]
[BlackElo "2717"]
[TimeControl "180+1"]
[EndTime "11:49:28 PST"]
[Termination "PavelShkapenko won by resignation"]

1. e4 e5 2. Nf3 Nc6 3. Bb5 Bc5 4. O-O d6 5. h3 Ne7 6. c3 Bd7 7.
Re1 O-O 8. d4 Bb6 9. dxe5 Nxe5 10.
Bxd7 Nxf3+ 11. Qxf3 Qxd7 12. Be3 Bxe3 13. Rxe3 Ng6 14.
Nd2 a5 15. Rae1 a4 16. c4 Qc6 17. Qe2 Nf4 18. Qg4 Ng6 19. Qe2 f5 20. exf5 Rxf5 21. Nf3 Nf4 22. Re8+ Rf8 23. Rxf8+ Rxf8 24. Qe4 Qxe4 25. Rxe4 Nxh3+ 26. Kf1 Nf4 27. Re7 Rc8 28. Nd4 Ng6 29. Re4 Kf7 30. Nf5 Kf6 31. g4 h5 32. Ne3 hxg4 33. Nxg4+ Kf5 34. f3 Ne5 35. Ne3+ Kf6 36. Ke2 g5 37. Nd5+ Kf7 38. b3 axb3 39. axb3 c6 40. Nb6 Rh8 41. f4 gxf4 42. Rxf4+ Ke6 43.
Na4 Rh3 44. c5 Rxb3 45. cxd6 Kxd6 46. Rf6+ Kd5 47. Rf4 Ra3 48. Rh4 Nd7 49. Kd2 b5 50. Nc3+ Kd6 51. Rh5 Kc7 52. Ne4 Ra2+ 53. Kd3 Ra3+ 54.
Kd4 Ra4+ 55. Kd3 Kb6 56. Rh7 Nc5+ 57. Nxc5 Kxc5 58. Rh5+ Kb6 59. Rh6 Rg4 60. Kc3 b4+ 61. Kb3 Kb5 62. Rh8 Rg3+ 63. Kb2 c5 64. Rh4 c4 65. Rh5+ Ka4 66. Rh4 Rg2+ 67. Kc1 Kb3 68. Kd1 c3 69. Ke1 Rg1+ 70. Kf2 Rd1 71. Ke2 c2 72. Rd4 Rxd4 0-1

[Event "*** Titled Tuesday Blitz"]
[Site "Chess.com"]
[Date "2021.03.09"]
[Round "9"]
[White "goldihouse"]
[Black "German_Bazeev"]
[Result "1-0"]
[WhiteElo "2602"]
[BlackElo "2752"]
[TimeControl "180+1"]
[EndTime "11:49:31 PST"]
[Termination "goldihouse won on time"]

1. c4 e5 2. g3 Nc6 3. Bg2 Nf6 4. Nc3 Bb4 5. Nd5 Bc5 6. e3 O-O 7. Ne2 d6 8. Nec3 Nd7 9. O-O a6 10. b3 Re8 11. Bb2 Nf8 12. Qh5 Ne7 13. Nxe7+ Qxe7 14. Nd5 Qd8 15. d4 exd4 16. exd4 Ba7 17. Rad1 c6 18.
Ne3 Ng6 19. Rfe1 Bd7 20. h4 h6 21. Bc3 Nf8 22. Nf5 Qf6 23. Ne3 Qg6 24. Qxg6 Nxg6 25. Bb4 Bb8 26. Nc2 Bc7 27. Rxe8+ Rxe8 28. Re1 Rxe1+ 29. Bxe1 Ne7 30. Be4 d5 31. cxd5 Nxd5 32. Bxd5 cxd5 33. Ne3 Be6 34. Bb4 h5 35. Kf1 f6 36.
Ke2 g5 37. Be7 Kf7 38. Bb4 Kg6 39. Bd2 Bd6 40. Kf3 Bd7 41. Ke2 Bb5+ 42. Kf3 Bc7 43.
a4 Bd7 44. Bb4 a5 45. Bc5 b5 46. axb5 Bxb5 47. Kg2 Kf7 48. Kg1 Ke6 49. Kg2 Be2 50.
f3 gxh4 51. gxh4 Bd3 52. Kf2 f5 53. Ng2 f4 54. Ne1 Bf5 55. Ke2 Bh3 56. Nd3 Kf5 57. Be7 Bb6 58. Nc5 Bc7 59. Bg5 Bg2 60. Nd7 Bd6 61.
Nc5 Bc7 62. Nd7 Ke6 63. Nc5+ Kd6 64. Nd3 Kc6 65. Bxf4 Bb6 66. Ne5+ Kb5 67. Be3 Bh3 68. Nd3 Bf5 69. Kd2 Bc7 70. Kc3 Bd8 71. Bg5 Be7 72.
Bxe7 1-0

[Event "*** Titled Tuesday Blitz"]
[Site "Chess.com"]
[Date "2021.03.09"]
[Round "9"]
[White "MFBerna"]
[Black "Shuvalov"]
[Result "0-1"]
[WhiteElo "2383"]
[BlackElo "2513"]
[TimeControl "180+1"]
[EndTime "11:49:33 PST"]
[Termination "Shuvalov won by resignation"]

1. d4 Nf6 2. c4 g6 3. Nf3 Bg7 4. g3 c6 5. Bg2 d5 6. cxd5 cxd5 7. O-O Nc6 8. Nc3 Ne4 9. Bf4 O-O 10. Rc1 Nxc3 11.
Rxc3 Bf5 12. Qd2 Be4 13. Bh6 Bxh6 14. Qxh6 Bxf3 15. Rxf3 Nxd4 16. Rd3 Qb6 17. Qd2 Nf5 18. Bxd5 e6 19. Bg2 Rfd8 20. b3 Rxd3 21. Qxd3 Rd8 22.
Qe4 Rd7 23. h4 h5 24. Rc1 Kg7 25. Qe5+ Kh7 26. Qb8 Rd8 27. Qxb7 Qxb7 28. Bxb7 Rd2 29. Rc7 Kg7 30. a4 a5 31. Be4 Rxe2 32. Bxf5 gxf5 33. Rc5 Rb2 34. Rxa5 Rxb3 35. Kg2 Ra3 36. Ra7 Kf6 37. a5 Ke5 38. a6 f4 39. gxf4+ Kxf4 40. Rxf7+ Kg4 41. a7 Kxh4 42. Rg7 e5 43. Kh2 Ra2 44. Kg2 Ra3 45. Kf1 Ra2 46. Kg2 e4 47. Kf1 Kh3 48. Ke1 h4 49. Rh7 Kg4 50. Kd1 Kf3 51.
Rxh4 Rxa7 52. Kd2 Ra2+ 53. Kd1 Rxf2 54. Rh3+ Kf4 55. Rh8 Ke3 56. Rh3+ Rf3 57. Rh8 Kf2 58. Rh2+ Ke3 59. Rh8 Rf1+ 60. Kc2 Ke2 61. Rh2+ Rf2 62. Rh8 e3 63. Re8 Rf3 64. Re7 Rf2 65. Re8 Rf5 66.
Re7 Rc5+ 67. Kb2 Kd2 68. Rd7+ Ke1 69. Re7 e2 70. Re6 Kd2 71. Rd6+ Ke3 72. Re6+ Kd3 73. Rd6+ Ke4 74. Re6+ Re5 0-1

[Event "*** Titled Tuesday Blitz"]
[Site "Chess.com"]
[Date "2021.03.09"]
[Round "9"]
[White "PavelChernomordik"]
[Black "Pelopidass"]
[Result "1/2-1/2"]
[WhiteElo "2412"]
[BlackElo "2558"]
[TimeControl "180+1"]
[EndTime "11:49:34 PST"]
[Termination "Game drawn - insufficient material"]

1. e4 c5 2. Nc3 Nc6 3. Bb5 g6 4. Bxc6 dxc6 5. f4 Bg7 6. Nf3 Bg4 7. d3 c4 8. dxc4 Bxc3+ 9. bxc3 Qxd1+ 10. Kxd1 Bxf3+ 11. gxf3 O-O-O+ 12. Ke2 e6 13. Ba3 b6 14. Rad1 c5 15.
Rxd8+ Kxd8 16. Rd1+ Kc7 17. Bc1 f5 18. a4 Ne7 19. a5 Nc6 20. axb6+ axb6 21. e5 Rd8 22. Rxd8 Kxd8 23. Be3 Na5 24. Kd3 Ke7 25. Bf2 Kd7 26. Bh4 Kc7 27. Be7 Kb7 28. Bd6 Ka6 29. Bc7 Nc6 30.
Ke3 Kb7 31. Bd6 Kc8 32. Kf2 Na5 33. Kg3 Nxc4 34. Bf8 Kd7 35. Kh4 Ke8 36. Bd6 Ne3 37.
Bc7 Nc4 38. Kg5 Kf7 39. Kh6 b5 40. Bd6 Nd2 41. Bxc5 Nxf3 42. h3 Ne1 43. Kxh7 Nxc2 44.
h4 Ne1 45. Kh6 Nd3 46. Be3 Nb2 47. h5 gxh5 48. Kxh5 Nd1 49. Bd4 Ke8 50. Kg5 Kd7 51. Kf6 Nb2 52. Kf7 Nd3 53. Be3 Ne1 54. Kg6 Kc6 55. Kf7 Kd5 56. Ke7 Nc2 57. Bd2 Na3 58. Kd7 Nc4 59. Bc1 Na5 60. Kc7 Nb3 61. Ba3 Ke4 62. Kd6 Kxf4 63. Kxe6 Ke4 64. Kf6 Na5 65.
e6 Nc6 66. e7 Nxe7 67. Bxe7 f4 68. Bc5 f3 69. Ke6 Kd3 70. Kd5 Kxc3 71. Ke4 b4 72. Bxb4+ Kxb4 73. Kxf3 1/2-1/2

[Event "*** Titled Tuesday Blitz"]
[Site "Chess.com"]
[Date "2021.03.09"]
[Round "9"]
[White "pfalcon1949"]
[Black "UmarovSabir"]
[Result "0-1"]
[WhiteElo "2065"]
[BlackElo "2292"]
[TimeControl "180+1"]
[EndTime "11:49:36 PST"]
[Termination "UmarovSabir won by checkmate"]

1. c4 g6 2. Nc3 Bg7 3. g3 e5 4. Bg2 Ne7 5. e4 d6 6. Nge2 Be6 7. d3 Qd7 8. h3 c5 9. Be3 Nbc6 10. Nd5 O-O 11.
Qd2 f5 12. Bg5 fxe4 13. dxe4 Nc8 14. Bh6 Nb6 15. b3 Rf7 16. Bxg7 Kxg7 17. f4 Nd4 18. Nxd4 cxd4 19. f5 gxf5 20. Qg5+ Kh8 21. O-O Rg8 22. Qh4 Bxd5 23. cxd5 Rfg7 24. Qf6 f4 25. g4 Qe7 26.
Qf5 Rg5 27. Qe6 Qxe6 28. dxe6 h5 29. Bf3 R5g6 30. Rac1 Rxe6 31. Rc7 h4 32. Rfc1 Reg6 33. Rxb7 R8g7 34. Rb8+ Kh7 35. Rc6 Rf6 36. Kf2 Rgf7 37.
Ke2 Kg6 38. Kd3 Re7 39. Rg8+ Rg7 40. Rxg7+ Kxg7 41. Rc7+ Rf7 42. Rc6 Rd7 43. g5 Kg6 44. Bg4 Rd8 45. Bf5+ Kxg5 46. Rc7 f3 47. Rg7+ Kf6 48.
Rg6+ Kf7 49. Rg1 Rc8 50. Rf1 Rc3+ 51. Kd2 Kf6 52. Rg1 a5 53. Rg6+ Ke7 54. Re6+ Kf7 55. Rg6 Ke7 56. Rg1 Kd8 57. Bg4 Kc7 58. Rf1 Kc6 59.
Bxf3 Kc5 60. Be2 Kb4 61. Bd3 Ka3 62. Rf6 Kxa2 63. Rxd6 Rxb3 64. Re6 a4 65. Rxe5 a3 66. Ra5 Rb2+ 67. Kd1 Nd7 68. Ra6 Ne5 69. Ra8 Nxd3 70. Rd8 Rb4 71. Rxd4 Rxd4 72. Kd2 Ne5+ 73. Ke3 Rb4 74.
Kf4 Nd3+ 75. Kf5 Kb2 76. e5 Nxe5 77. Kxe5 a2 78. Kf5 a1=Q 79. Kg5 Qa5+ 80. Kf6 Rb6+ 81. Ke7 Qa7+ 82. Kd8 Rb8# 0-1

[Event "*** Titled Tuesday Blitz"]
[Site "Chess.com"]
[Date "2021.03.09"]
[Round "9"]
[White "GM_Huschenbeth"]
[Black "federicosellitti"]
[Result "1/2-1/2"]
[WhiteElo "2625"]
[BlackElo "2535"]
[TimeControl "180+1"]
[EndTime "11:49:38 PST"]
[Termination "Game drawn by repetition"]

1. e4 c5 2. f3 d5 3. Nc3 d4 4. Nce2 e5 5. Ng3 h5 6. Bc4 h4 7.
N3e2 Nc6 8. d3 Nf6 9. f4 exf4 10. Bxf4 Ng4 11. Nf3 h3 12. g3 Be7 13. Qd2 f6 14.
Qc1 g5 15. Bd2 Nce5 16. O-O Nxc4 17. dxc4 f5 18. exf5 Bxf5 19. Bxg5 Bxg5 20. Qxg5 Qxg5 21. Nxg5 Ne3 22. Rf2 Rg8 23. Nf3 O-O-O 24. Nf4 Nxc2 25. Rc1 Ne3 26. Ne5 d3 27. Rd2 Rge8 28. Nexd3 Ng4 29. Rcd1 Rd4 30. b3 b6 31. Kf1 Ne3+ 32. Kf2 Nxd1+ 33. Rxd1 Red8 34. Ke3 Re8+ 35. Kf2 Bxd3 36. Rxd3 Red8 37. Rxd4 Rxd4 38. Ke2 a5 39. Nxh3 a4 40. Nf4 b5 41.
cxb5 axb3 42. axb3 Rb4 43. Nd3 Rxb5 44. Kf2 Kd7 45.
h4 Kd6 46. Nc1 Ke5 47. Kf3 Rb8 48. h5 Rf8+ 49. Kg4 Rg8+ 50. Kh4 Ke4 51. h6 Kf3 52. Nd3 Kg2 53. Nxc5 Rxg3 54. Kh5 Rh3+ 55. Kg6 Rc3 56. Ne6 Rg3+ 57. Ng5 Kf2 58. h7 Ke3 59. Kg7 Kf4 60.
h8=Q Rxg5+ 61. Kf6 Rf5+ 62. Kg6 Rb5 63. Kf7 Rb7+ 64.
Ke6 Rb6+ 65. Kd5 Rxb3 66. Kc4 Rf3 67. Qf6+ Kg3 68. Qc6 Kf2 69. Qc5+ Kg3 70. Qg5+ Kf2 71. Kd4 Rg3 72. Qf4+ Kg2 73. Ke4 Kh3 74. Qh6+ Kg2 75. Qd2+ Kh3 76. Qh6+ Kg2 77. Kf4 Rf3+ 78. Kg4 Rg3+ 79.
Kf5 Rf3+ 80. Ke4 Rg3 1/2-1/2

[Event "*** Titled Tuesday Blitz"]
[Site "Chess.com"]
[Date "2021.03.09"]
[Round "9"]
[White "kidagent"]
[Black "Omk124"]
[Result "0-1"]
[WhiteElo "2326"]
[BlackElo "2461"]
[TimeControl "180+1"]
[EndTime "11:49:38 PST"]
[Termination "Omk124 won on time"]

1. e4 g6 2. d4 Bg7 3. Nf3 c6 4. c3 d6 5. Bc4 Nf6 6. Qe2 O-O 7. O-O Nxe4 8. Bxf7+ Rxf7 9. Qxe4 Bf5 10. Qh4 Bf6 11. Bg5 Nd7 12. Nbd2 e5 13. Bxf6 Qxf6 14. Qxf6 Rxf6 15.
dxe5 Nxe5 16. Nxe5 dxe5 17. Rfe1 Re8 18. Nc4 Rfe6 19.
Rad1 R8e7 20. Rd8+ Kg7 21. Red1 Be4 22. R1d7 Kh6 23.
Ne3 Bf5 24. Rxe7 Rxe7 25. Kf1 Be6 26. b3 Kg7 27. Ke2 Rd7 28. Ra8 a6 29. c4 Kf6 30.
h4 Bf7 31. Kf3 Be6 32. g4 Rd4 33. Rb8 Rd7 34. g5+ Ke7 35. Ng4 Bxg4+ 36. Kxg4 Rd4+ 37.
Kg3 Rd7 38. Rh8 Ke6 39. Kg4 b5 40. Re8+ Kd6 41. cxb5 axb5 42. f4 exf4 43. Kxf4 Kc5 44. Rf8 Rd4+ 45. Kg3 Rd3+ 46. Kg4 Rd2 47. Rf7 Rg2+ 48.
Kh3 Rxa2 49. Rxh7 Rb2 50. Rg7 Rxb3+ 51. Kg4 Rb4+ 52. Kg3 Rb1 53. Rxg6 b4 54. Rg8 b3 55. Rb8 b2 56. Kf4 Rf1+ 57. Ke5 b1=Q 58. Rxb1 Rxb1 59. h5 Rg1 60. g6 Kb4 61. Kf6 c5 62. h6 c4 63. h7 Rh1 64. g7 Rh6+ 65. Kg5 Rxh7 66. g8=Q Rc7 67. Qg6 c3 68. Qc2 Rd7 69. Qb1+ Kc4 70. Qe4+ Rd4 71. Qc6+ Kd3 72. Qb5+ Kd2 73.
Kf5 c2 74. Qb2 Rc4 0-1

[Event "*** Titled Tuesday Blitz"]
[Site "Chess.com"]
[Date "2021.03.09"]
[Round "9"]
[White "NikolaN98"]
[Black "mbojan"]
[Result "1-0"]
[WhiteElo "2537"]
[BlackElo "2614"]
[TimeControl "180+1"]
[EndTime "11:49:39 PST"]
[Termination "NikolaN98 won on time"]

1. e4 g6 2. d4 Bg7 3. Nc3 d6 4. h4 h6 5. h5 g5 6. f4 gxf4 7. Bxf4 Nc6 8. Nf3 Bg4 9. d5 Ne5 10. Bb5+ Bd7 11. Be2 Nxf3+ 12. gxf3 e5 13. dxe6 fxe6 14.
Qd2 Qf6 15. Be3 Ne7 16. O-O-O Bc6 17. Rhg1 a6 18. Rg4 O-O-O 19. Rdg1 Rhg8 20. Bf2 Qf7 21.
Qe3 Rdf8 22. a3 Be5 23. Kb1 Rxg4 24. Rxg4 Bf4 25. Qa7 e5 26. Bf1 Kd8 27. Bh3 Nc8 28.
Qb8 Bd7 29. Nd5 Be6 30. Rg7 Bxh3 31. Rxf7 Rxf7 32. Bh4+ Bg5 33. Bxg5+ hxg5 34. Qxb7 Be6 35.
h6 Rh7 36. Qxa6 Bxd5 37. exd5 Rxh6 38. Qd3 Rf6 39. a4 Rf4 40. a5 Ra4 41. b3 Rxa5 42. Qd2 Rc5 43. Qxg5+ Ne7 44. c4 Kd7 45. Qg4+ Kd8 46.
Kc2 Ra5 47. Kb2 Ra7 48. Qe6 Ra8 49. Qf7 Ra7 50. Qe6 Ra6 51. Kc3 Rb6 52. b4 Ra6 53. c5 Ra3+ 54. Kb2 Rxf3 55. c6 Rf2+ 56. Kb3 Ke8 57.
Qd7+ Kf7 58. Qxc7 Rf3+ 59. Ka4 Rf6 60. Qd7 e4 61. c7 Kf8 62. Qd8+ Kf7 63. Qxe7+ Kxe7 64.
c8=Q e3 65. Qc3 Rf3 66. Qd3 Kf6 67. Qe4 Rh3 68. Qf4+ Ke7 69. Qe4+ Kd8 70. b5 Kc7 71. Ka5 Rh8 72. b6+ Kb7 73. Qxe3 1-0

[Event "*** Titled Tuesday Blitz"]
[Site "Chess.com"]
[Date "2021.03.09"]
[Round "9"]
[White "ShahMatKanal"]
[Black "Witik"]
[Result "1-0"]
[WhiteElo "2510"]
[BlackElo "2603"]
[TimeControl "180+1"]
[EndTime "11:49:42 PST"]
[Termination "ShahMatKanal won on time"]

1. Nf3 d5 2. c4 e6 3. cxd5 exd5 4. d4 Bd6 5. Nc3 c6 6. Bg5 Qb6 7. Qd2 Bf5 8. e3 Nd7 9. Be2 Ngf6 10. O-O O-O 11. a3 a5 12. Na4 Qc7 13. Bh4 Ne4 14. Qc1 Bg4 15. Bg3 Nxg3 16. hxg3 Rfe8 17. Re1 h5 18.
Qc2 g6 19. Nh4 Bxe2 20. Rxe2 Nf6 21. Nc5 Kg7 22. Rc1 Re7 23. Nd3 Rae8 24. b4 axb4 25. axb4 Ng4 26. Nf3 Qd7 27. Rce1 Qf5 28. Nc5 Qf6 29.
Qb3 b6 30. Na4 b5 31. Nc5 g5 32. e4 Bxc5 33. e5 Qh6 34. dxc5 h4 35. Nd4 Qg6 36. e6 fxe6 37. Nxc6 Rf7 38. Nd4 e5 39. Nxb5 d4 40. Nd6 d3 41. Nxe8+ Kf8 42. Rd2 hxg3 43. fxg3 Qh5 44. Qxf7+ Kxf7 45. Nd6+ Ke6 46. Rxd3 Qh2+ 47. Kf1 Qh1+ 48. Ke2 Qxg2+ 49. Kd1 Nf2+ 50. Kc2 Nxd3+ 51. Kxd3 Qxg3+ 52. Re3 Qg1 53. Nc4 Qd1+ 54. Kc3 Qc1+ 55. Kb3 Qd1+ 56. Kc3 Qa1+ 57. Kb3 Kf5 58. Rxe5+ Kf4 59.
Re3 g4 60. c6 Qd1+ 61. Kc3 Qc1+ 62. Kd4 Qd1+ 63. Kc5 Qd8 64. b5 g3 65. Rxg3 Kxg3 66.
b6 Kf4 67. c7 Qe7+ 68. Nd6 Qe5+ 69. Kc6 Qc3+ 70. Kd7 Qg7+ 71. Kc6 Qc3+ 72. Kb7 Qf3+ 73. Kb8 1-0

[Event "*** Titled Tuesday Blitz"]
[Site "Chess.com"]
[Date "2021.03.09"]
[Round "9"]
[White "azikom"]
[Black "Semen_Khanin"]
[Result "1-0"]
[WhiteElo "2656"]
[BlackElo "2825"]
[TimeControl "180+1"]
[EndTime "11:49:45 PST"]
[Termination "azikom won by resignation"]

1. d4 Nf6 2. Nf3 g6 3. g3 Bg7 4. Bg2 O-O 5. O-O d5 6. Nbd2 Bf5 7. c4 dxc4 8. Nxc4 Be4 9. Nce5 Nbd7 10. Qb3 c5 11. dxc5 Nxc5 12. Qa3 Qd5 13. Be3 Ne6 14. Qxe7 Qb5 15. Nxf7 Rae8 16. Nd6 Qb4 17. a3 Qxb2 18.
Nxe8 Rxe8 19. Qb4 Qxe2 20. Rfe1 Qa6 21. Rad1 Nc7 22. Qd6 Qxd6 23. Rxd6 Ncd5 24. Bd4 Bxf3 25. Rxe8+ Nxe8 26. Bxf3 Nxd6 27. Bxd5+ Kf8 28. Bxa7 Ke7 29. Bc5 b5 30. Bc6 Ke6 31. Bxd6 Kxd6 32. Bxb5 g5 33.
a4 Bd4 34. Kg2 Ke5 35. Bd3 h6 36. a5 Ba7 37. a6 Bb6 38. f3 Ba7 39. Bb5 Kf5 40.
Be8 Ke5 41. Bh5 Kf5 42. Bg4+ Ke5 43. Kf1 Kd4 44. Ke2 Bb8 45. Bh5 Ba7 46. Bg6 Bb8 47. f4 gxf4 48. gxf4 Kc5 49. Kf3 Kd4 50. Be8 Kd5 51. h4 Ba7 52. Bg6 Kd4 53. h5 Kd5 54. Bf7+ Kd4 55. Be8 Kd5 56. Bb5 Bb6 57. f5 Ke5 58.
Bd7 Ba7 59. Ke2 Kf6 60. Kd3 Kg5 61. Ke4 Kf6 62. Kd5 Kg5 63. Ke6 Kxh5 64. f6 Kg6 65. Be8+ Kh7 66. Bh5 Kg8 67. f7+ Kf8 68. Kd7 Bb6 69.
Kc6 Ba7 70. Kb7 Be3 71. a7 Bxa7 72. Kxa7 Ke7 73. Kb7 Kf8 74. Kc7 Ke7 75. Kc6 Kf8 76. Kd6 1-0

[Event "*** Titled Tuesday Blitz"]
[Site "Chess.com"]
[Date "2021.03.09"]
[Round "9"]
[White "elohunter1999"]
[Black "KacperPolOK"]
[Result "1-0"]
[WhiteElo "2631"]
[BlackElo "2506"]
[TimeControl "180+1"]
[EndTime "11:49:54 PST"]
[Termination "elohunter1999 won on time"]

1. Nf3 c5 2. c4 Nc6 3. Nc3 Nf6 4. e3 g6 5. d4 cxd4 6. exd4 d5 7.
cxd5 Nxd5 8. Qb3 Nxc3 9. Bc4 e6 10. bxc3 Bg7 11. Ba3 Na5 12. Bb5+ Bd7 13. Qa4 Bxb5 14. Qxb5+ Nc6 15. Qxb7 Rc8 16. O-O Qd7 17. Qb5 Bf8 18.
Bxf8 Kxf8 19. Rfe1 Rb8 20. Qc5+ Kg7 21. Ne5 Nxe5 22.
Qxe5+ f6 23. Qxe6 Qxe6 24. Rxe6 Rhc8 25. Re3 Rb2 26. g3 Rc2 27. Re7+ Kh6 28. Rxa7 R8xc3 29. Re1 Rd2 30. Ree7 Rcc2 31. h4 Kh5 32. Re4 h6 33. Rf4 f5 34. a4 Rc4 35. Kg2 Rdxd4 36. Rxd4 Rxd4 37. a5 Ra4 38. Kf3 Ra3+ 39. Kf4 Ra4+ 40. Ke5 Kg4 41. Kf6 g5 42. hxg5 hxg5 43. Rg7 f4 44.
Rxg5+ Kf3 45. gxf4 Kxf4 46. Rf5+ Kg4 47. f3+ Kg3 48. Kg5 Ra3 49. f4 Ra4 50. Kf6 Kg4 51.
Ke6 Ra1 52. Rb5 Kxf4 53. Kd7 Ke4 54. Kc7 Kd4 55. Kb6 Rh1 56. a6 Rh6+ 57. Ka7 Kc4 58. Rb6 Rh7+ 59. Rb7 Rh8 60. Kb6 Rh6+ 61. Ka7 Rh8 62.
Rb8 Rh7+ 63. Ka8 Kc5 64. Rb7 Rh8+ 65. Ka7 Kc6 66. Rb2 Rh7+ 67. Ka8 Rh8+ 68. Rb8 Rh7 69. Rb7 Rh8+ 70. Ka7 Rg8 71. Rb2 Rg7+ 72. Rb7 Rg8 73. Rb6+ Kc7 74. Rb2 Rg7 75. Rc2+ Kd8+ 76. Kb8 Rg3 77. Rb2 Kd7 78. a7 Rg8+ 79. Kb7 1-0

[Event "*** Titled Tuesday Blitz"]
[Site "Chess.com"]
[Date "2021.03.09"]
[Round "9"]
[White "AlexeiShirov"]
[Black "rasmussvane"]
[Result "1-0"]
[WhiteElo "2860"]
[BlackElo "2942"]
[TimeControl "180+1"]
[EndTime "11:49:58 PST"]
[Termination "AlexeiShirov won by resignation"]

1. e4 c6 2. d4 d5 3. e5 Bf5 4.
Nf3 e6 5. Be2 Ne7 6. O-O Ng6 7. a4 Nd7 8. c3 f6 9. exf6 Qxf6 10.
Bg5 Qf7 11. Nbd2 Bd6 12. Nh4 O-O 13. Bh5 Nf6 14. Bxg6 Bxg6 15. Bxf6 Qxf6 16. Nxg6 hxg6 17. Nf3 e5 18. dxe5 Bxe5 19. Re1 Bd6 20. Qd3 Rae8 21. h3 a5 22. Rxe8 Rxe8 23. Re1 Rxe1+ 24. Nxe1 Qg5 25.
Kf1 Kf7 26. Qf3+ Qf5 27. Ke2 Ke6 28. Qg4 Kf6 29. Nd3 c5 30. b3 b6 31. c4 Qe4+ 32.
Qxe4 dxe4 33. Ne1 Be5 34. Ke3 Bd4+ 35. Kxe4 Bxf2 36. Nd3 Bd4 37. Nf4 Bb2 38. Nd5+ Kg5 39. Nxb6 Kh4 40. Kf3 Be5 41. Nd5 Bd6 42. Nc3 Bc7 43.
Ne4 Bb6 44. Kf4 Bc7+ 45. Kf3 Bb6 46. g3+ Kxh3 47. Ng5+ Kh2 48. Ne6 Kg1 49. Nxg7 Kf1 50.
Ne6 Ke1 51. Nf4 g5 52. Nd5 Bd8 53. Ke3 g4 54. Nc3 Bf6 55. Ne4 Bd4+ 56. Kf4 Kd1 57. Kxg4 Kc2 58. Kf5 Kxb3 59. g4 Kxc4 60. g5 Kd3 61. Nf6 c4 62. g6 Bxf6 63. Kxf6 c3 64. g7 c2 65. g8=Q c1=Q 66. Qd5+ Kc2 67. Qxa5 Qb2+ 68.
Ke6 Qb3+ 69. Kd6 Qd3+ 70. Qd5 Qg6+ 71. Kc5 Qg1+ 72. Qd4 Qg5+ 73. Kb6 Qg6+ 74. Ka7 Kb3 75. a5 Qf7+ 76. Ka6 Qf1+ 77. Kb6 Qf5 78. a6 Qe6+ 79.
Kb7 Qf7+ 80. Kb6 Qe6+ 81. Kb5 Qe2+ 82. Ka5 Qh5+ 83. Kb6 Qg6+ 84. Kb7 Qf7+ 85. Kc6 Qe8+ 86. Qd7 Qe4+ 87. Qd5+ Qc4+ 1-0